 Dungeon Crawl Stone Soup version 0.28-a0-1395-g4f6bc678fa (webtiles) character file.

Game seed: 2998772985746998870

1257 garmur the Cleaver (level 8, -6/73 HPs)
             Began as a Minotaur Berserker on Jan 4, 2022.
             Was a Priest of Trog.
             Mangled by a yak (9 damage)
             ... on level 5 of the Dungeon on Jan 5, 2022.
             The game lasted 00:34:11 (5567 turns).

garmur the Cleaver (Minotaur Berserker)             Turns: 5567, Time: 00:34:12

Health: -6/73      AC: 11    Str: 29    XL:     8   Next: 27%
Magic:  7/7        EV:  4    Int:  4    God:    Trog [***...]
Gold:   299        SH:  9    Dex:  9    Spells: 7/7 levels left

rFire   . . .      SeeInvis +   a - +0 hand axe
rCold   . . .      Faith    .   y - +0 tower shield
rNeg    + . .      Spirit   .   r - +0 chain mail
rPois   .          Reflect  .   (helmet restricted)
rElec   .          Harm     .   t - +0 cloak
rCorr   .          Rampage  .   (no gloves)
Will    .....                   (no boots)
Stlth   ..........              (no amulet)
HPRegen 0.22/turn               k - ring of positive energy
MPRegen 0.10/turn               w - ring "Citrej" {Str+4 SInv}

@: no status effects
A: horns 2, retaliatory headbutt
a: Renounce Religion, Berserk, Trog's Hand


You were on level 5 of the Dungeon.
You worshipped Trog.
Trog was most pleased with you.
You visited 1 branch of the dungeon, and saw 5 of its levels.

You collected 299 gold pieces.

Inventory:

Hand Weapons
 a - a +0 hand axe (weapon)
 s - a +4 quarterstaff of chaos
Armour
 b - a +0 animal skin
 j - a +0 ring mail
 r - a +0 chain mail (worn)
 t - a +0 cloak (worn)
 y - a +0 tower shield (worn)
Jewellery
 k - a ring of positive energy (left hand)
 p - a ring of poison resistance
 u - a ring of positive energy
 w - the ring "Citrej" (right hand) {Str+4 SInv}
   (You found it on level 4 of the Dungeon)

   [ring of see invisible]

   Str:       It affects your strength (+4).
   SInv:      It lets you see invisible.
Wands
 z - a wand of acid (8)
Scrolls
 c - 2 scrolls of amnesia {unknown}
 d - 2 scrolls of noise {unknown}
 e - 8 scrolls of identify {unknown}
 f - a scroll of teleportation {unknown}
 g - a scroll of vulnerability {unknown}
 h - a scroll of enchant armour {unknown}
 m - a scroll of blinking {unknown}
 n - a scroll of silence {unknown}
 x - a scroll of summoning {unknown}
Potions
 i - 3 potions of magic {unknown}
 l - 3 potions of flight {unknown}
 o - 2 potions of curing {unknown}
 q - 2 potions of invisibility {unknown}
 v - 2 potions of might {unknown}
 A - a potion of attraction {unknown}
 B - a potion of cancellation {unknown}


   Skills:
 + Level 7.1 Fighting
 + Level 8.1 Axes
 + Level 6.5 Armour
 - Level 3.5 Dodging
 - Level 1.4 Stealth
 - Level 0.1 Unarmed Combat


You had 7 spell levels left.
You didn't know any spells.
Your spell library was empty.

Dungeon Overview and Level Annotations

Branches:
Dungeon (5/15)
 Temple: D:4-7

Altars:
Dithmenos
Fedhas
Wu Jian
Yredelemnul


Innate Abilities, Weirdness & Mutations

You have a pair of horns on your head.
You reflexively headbutt those who attack you in melee.


Message History

a +0 short sword; a scroll labelled URI WEAM QUI; an orc corpse
Things that are here:
a +0 shortbow; 16 arrows; a scroll labelled URI WEAM QUI A howler monkey comes into view.
The howler monkey howls!
The howler monkey hoots and howls with incredible vigour!
The yak gores you.
* * * LOW HITPOINT WARNING * * *
You hear a shout!
There is an open door, spattered with blood here.
You are too injured to fight recklessly!
You are too injured to fight recklessly!
You slash the yak!
The yak is moderately wounded.
You hit the yak but do no damage. You block the yak's attack.
The howler monkey hoots and howls with incredible vigour!
The yak barely misses you. You furiously retaliate!
You headbutt the yak.
You hear a bellow!
You closely miss the yak.
The yak is moderately wounded.
You hit the yak but do no damage. You hit the yak. The yak gores you.
* * * LOW HITPOINT WARNING * * *
The yak gores you but does no damage. x2; You block the yak's attack.
You hit the yak.
The yak is moderately wounded.
You hit the yak but do no damage. You barely miss the howler monkey.
You hit the yak. The howler monkey hits you.
* * * LOW HITPOINT WARNING * * *
The yak gores you!
* * * LOW HITPOINT WARNING * * *
You block the yak's attack. x2
The howler monkey hits you but does no damage.
The yak gores you.
* * * LOW HITPOINT WARNING * * *
You hit the yak. You headbutt the yak.
The yak is severely wounded.
You hit the yak. You slash the howler monkey! You hit the yak.
The howler monkey hits you but does no damage.
The yak gores you!
You die...

#........###
####.......................
............# #...........
.........[..# #...........
............# #...........
#...........# #...........
#.......).S.# #...........
#........YYY# ##...........
#....#####@####............ #....
#.h.......#....... #...
######.##.#.#...#. #...
#....##.#.#.#.#.
############.#####.#.#.#.#.
#....#.....# #.#.#.#.#.
#.##.#.##### #.#.#.#.#.
#########.##.#<....# #.#.#.#.#[
.....##...##.###.#.#####.#.....#.


You could see 3 yaks, a howler monkey and an adder.

Vanquished Creatures
  Sigmund (D:2)
  A black bear (D:4)
  A necrophage (D:5)
  A phantom (D:4)
  2 centaurs
  A bullfrog (D:4)
  Crazy Yiuf (D:3)
  2 hounds
  3 orc priests
  Natasha (thrice) (D:2)
  5 orc wizards
  An iguana (D:4)
  7 gnolls
  5 adders
  An ufetubus (D:4)
  4 dart slugs
  17 orcs
  5 ball pythons
  9 endoplasms
  3 giant cockroaches
  5 goblins
  13 hobgoblins
  6 quokkas
  10 bats
  5 frilled lizards
  5 kobolds
  11 rats
128 creatures vanquished.

Vanquished Creatures (others)
  A plant (D:4)
  2 withered plants (D:3)
3 creatures vanquished.

Grand Total: 131 creatures vanquished

Notes
Turn   | Place    | Note
-------+----------+-------------------------------------------
     0 | D:1      | garmur the Minotaur Berserker began the quest for the Orb.
     0 | D:1      | Reached XP level 1. HP: 19/19 MP: 0/0
   272 | D:1      | Reached skill level 4 in Axes
   272 | D:1      | Reached XP level 2. HP: 18/27 MP: 1/1
   622 | D:1      | Reached XP level 3. HP: 26/33 MP: 2/2
  1260 | D:2      | Reached ** piety under Trog
  1513 | D:2      | Noticed Natasha
  1525 | D:2      | Killed Natasha
  1526 | D:2      | Reached skill level 5 in Axes
  1526 | D:2      | Reached XP level 4. HP: 14/41 MP: 3/3
  1782 | D:2      | Noticed Natasha
  1786 | D:2      | Killed Natasha
  1883 | D:2      | Noticed Sigmund
  1887 | D:2      | Killed Sigmund
  1888 | D:2      | Reached skill level 6 in Axes
  1888 | D:2      | Reached skill level 1 in Stealth
  1888 | D:2      | Reached XP level 5. HP: 47/47 MP: 4/4
  1897 | D:2      | Reached XP level 6. HP: 9/55 MP: 5/5
  1901 | D:2      | HP: 1/55 [gnoll (5)]
  2241 | D:3      | Found a basalt altar of Yredelemnul.
  2402 | D:3      | Reached skill level 5 in Fighting
  2624 | D:2      | Found a faded altar of an unknown god.
  2743 | D:2      | Noticed Natasha
  2938 | D:2      | Killed Natasha
  3157 | D:3      | Found a runed translucent door.
  3158 | D:3      | Noticed Crazy Yiuf
  3860 | D:3      | Killed Crazy Yiuf
  3926 | D:4      | Reached XP level 7. HP: 43/61 MP: 6/6
  4104 | D:4      | Found a blossoming altar of Fedhas.
  4232 | D:4      | Reached skill level 7 in Axes
  4232 | D:4      | Reached skill level 5 in Armour
  4358 | D:4      | Identified the ring "Citrej" {Str+4 SInv}
  4540 | D:4      | Found a shadowy altar of Dithmenos.
  4900 | D:4      | Found an ornate altar of the Wu Jian Council.
  5124 | D:4      | Reached *** piety under Trog
  5371 | D:5      | Entered Level 5 of the Dungeon
  5377 | D:5      | Reached XP level 8. HP: 69/71 MP: 7/7
  5432 | D:5      | Reached skill level 8 in Axes
  5566 | D:5      | HP: 3/73 [yak (1)]
  5567 | D:5      | Mangled by a yak

Illustrated notes

Levels and vault maps discovered:
D:1:      amcnicky_arrival_blooded_trapdoor, layout_rooms, kennysheep_boxes
D:2:      kennysheep_big_flooded_room, layout_basic,
          ebering_ecumenical_altar_petrified, minmay_circled_x, uniq_sigmund,
          uniq_natasha
D:3:      layout_basic, yredelemnul_altar_generic, minivault_4,
          uniq_crazy_yiuf_cottage
D:4:      layout_basic, kennysheep_mini, mainiacjoe_overflow_chevrons,
          fedhas_ov_isle_minmay, minmay_vboxes
D:5:      minmay_spotlight, layout_basic, minmay_misc_feat_pillars, uniq_grinder

Skill      XL: |  1  2  3  4  5  6  7  8 |
---------------+-------------------------+-----
Axes           | 4 5 6 7 8 |  8.1
Fighting       | 4 5 6 7 |  7.1
Armour         | 3 4 5 6 |  6.5
Dodging        | 3 |  3.5
Stealth        | 1 |  1.4
Unarmed Combat | |  0.1

Action                   |  1- 3 |  4- 6 |  7- 9 || total
-------------------------+-------+-------+-------++-------
Melee: Hand axe          |    88 |    99 |   118 ||   305
       Headbutt          |     7 |    27 |    30 ||    64
       Unarmed           |       |     8 |       ||     8
Invok: Berserk           |     3 |     4 |     3 ||    10
 Stab: Sleeping          |     1 |       |       ||     1
Armor: Animal skin       |     5 |       |       ||     5
       Ring mail         |    11 |    26 |       ||    37
       Chain mail        |       |    13 |    58 ||    71
Dodge: Dodged            |    61 |    61 |    33 ||   155
Block: Tower shield      |       |       |    18 ||    18

Table legend: (Time is in decaauts)
 A = Elapsed time spent in this place.
 B = Non-inter-level travel time spent in this place.
 C = Inter-level travel time spent in this place.
 D = Time resting spent in this place.
 E = Time spent auto-exploring this place.
 F = Levels seen in this place.
 G = Mean time per level.
                   A        B        C        D        E       F      G
               +--------+--------+--------+--------+--------+-----+--------+
         Total |   5703 |   5508 |    195 |   1552 |   3053 |   5 | 1140.6 |
       Dungeon |   5703 |   5508 |    195 |   1552 |   3053 |   5 | 1140.6 |
               +--------+--------+--------+--------+--------+-----+--------+

Top non-repeatable levels by time:
     D:3: 1496 daAuts
     D:4: 1488 daAuts
     D:1: 1274 daAuts
     D:2: 1237 daAuts
     D:5: 206 daAuts
